 Dungeon Crawl Stone Soup version 0.30-a0-718-geaa24f58ff (webtiles) character file.

Game seed: 2655532873629508884

88 IdlyInterested the Slasher (level 4, 0/33 HPs)
             Began as a Demonspawn Gladiator on Jan 25, 2023.
             Slain by an orc wizard
             ... wielding a +0 dagger
              (4 damage)
             ... on level 3 of the Dungeon.
             The game lasted 00:07:25 (1993 turns).

IdlyInterested the Slasher (Demonspawn Gladiator)   Turns: 1993, Time: 00:07:26

Health: 0/33       AC:  8    Str: 14    XL:     4   Next: 30%
Magic:  4/4        EV: 11    Int: 10    God:
Gold:   147        SH:  0    Dex: 16    Spells: 3/3 levels left

rFire   . . .      SeeInvis .    C - +5 dagger
rCold   . . .      Faith    .    (no shield)
rNeg    . . .      Spirit   .    p - +0 ring mail
rPois   +          Reflect  .    c - +0 helmet
rElec   .          Harm     .    (no cloak)
rCorr   .          Rampage  .    (no gloves)
Will    .....                    (no boots) Stlth
                                 (no amulet)
HPRegen 0.25/turn                r - ring of poison resistance
MPRegen 0.09/turn                (no ring)

@: confused
A: icy blue scales 1, demonic guardian 1
a: no special abilities


You were on level 3 of the Dungeon.
You visited 1 branch of the dungeon, and saw 3 of its levels.

You collected 147 gold pieces.

Inventory:

Hand Weapons
 a - a +0 long sword
 w - a +0 dagger of protection
 x - a +1 dagger of venom
 C - a +5 dagger (weapon)
Missiles
 d - 3 throwing nets
 e - a javelin
 j - 43 stones
 y - 7 poisoned darts (quivered)
Armour
 b - a +0 leather armour
 c - a +0 helmet (worn)
 l - a +0 plate armour
 p - a +0 ring mail (worn)
Jewellery
 r - a ring of poison resistance (left hand)
Wands
 z - a wand of mindburst (8)
 B - a wand of paralysis (6)
Scrolls
 h - 2 scrolls of identify {unknown}
 i - a scroll of enchant weapon {unknown}
 k - 3 scrolls of fog {unknown}
 o - a scroll of poison {unknown}
 t - a scroll of blinking {unknown}
 u - a scroll of fear {unknown}
 A - a scroll of amnesia {unknown}
Potions
 f - 2 potions of flight {unknown}
 g - a potion of curing {unknown}
 m - 2 potions of might {unknown}
 n - a potion of lignification {unknown}
 q - a potion of heal wounds {unknown}
 s - 2 potions of resistance {unknown}
 v - 3 potions of degeneration {unknown}


   Skills:
 - Level 2.0 Fighting
 * Level 3.8 Long Blades
 - Level 2.0 Throwing
 * Level 1.0 Armour
 - Level 2.6 Dodging
 - Level 2.0 Stealth


You had 3 spell levels left.
You didn't know any spells.
Your spell library contained the following spells:

 Spells                   Type           Power      Damage    Failure   Level
 Necrotise                Necr           0%         1d4       61%         1
 Static Discharge         Conj/Air       0%         2-2/arc   75%         2
 Sublimation of Blood     Necr           0%         N/A       75%         2
 Wereblood                Tmut           0%         N/A       75%         2
 Vampiric Draining        Necr           0%         2d6       93%         3
 Vhi's Electric Charge    Tloc/Air       0%         N/A       93%         3
 Agony                    Necr           0%         N/A       100%        5
 Arcjolt                  Conj/Air       0%         1d10      100%        5
 Lightning Bolt           Conj/Air       0%         1d11      100%        5
 Summon Hydra             Summ           0%         N/A       100%        7


Dungeon Overview and Level Annotations

Branches:
Dungeon (3/15)

Altars:

Shops:
D:2 ?!!?[


Innate Abilities, Weirdness & Mutations

You are partially covered in icy blue scales. (AC +2)
A weak demonic guardian rushes to your aid.


Message History

You closely miss the orc. The orc barely misses you. Something hits you.
The orc hits you but does no damage. The rat barely misses you.
You barely miss something. Something hits you but does no damage.
The orc hits you with a +0 flail!
A demonic guardian appears!
The rat bites you but does no damage. The orc hits you but does no damage.
The orc attacks as you move away! The orc closely misses you.
Found a stone staircase leading down.
Your ufetubus hits the rat.
The rat dies!
You puncture the orc!
You kill the orc!
Your ufetubus hits the orc but does no damage.
Your ufetubus hits the orc. You closely miss the orc.
The orc is lightly wounded.
Your ufetubus hits the orc but does no damage.
Your ufetubus barely misses the orc.
Your ufetubus hits the orc but does no damage.
Your ufetubus closely misses the orc.
You hit the orc.
The orc is moderately wounded.
The orc barely misses you.
You hear some strange, mumbled words.
A puff of flame appears from out of thin air!
The puff of flame hits you!
Your ufetubus closely misses the orc.
Your ufetubus hits the orc but does no damage.
You hit the orc.
The orc is severely wounded.
Your ufetubus hits the orc.
The orc dies!
Something hits you but does no damage.
You barely miss something. Something hits you.
You closely miss something.
You hear some strange, mumbled words.
A magic dart appears from out of thin air!
The magic dart hits you!
* * * LOW HITPOINT WARNING * * *
A hobgoblin comes into view.
Something hits you but does no damage.
You closely miss something. Something hits you.
You die...

#....
#.##.#..####.###.##.
..... ................##.
..... #g#.#.....#..##.##.
..... #.#.#..............
#..##
###...#.....#..#..... #..
##............. #.####
#.. .##..#.†)....#.#..#.
...#
.......5{....#.#....####
.... .....##@.......#
.##.... ...# >...
#........#.. #.... ##.#
.. . ##.......##....... #
.. .###.......#####.###
+......
#.....####........ .
#.....#
######.......)..#####+###
#.....# #...............#
#.....###...............#
..................##.##.#


You could see a hobgoblin and a friendly ufetubus (summoned).

Vanquished Creatures
  3 adders
  7 dart slugs
  An orc (D:3)
  5 ball pythons
  3 bats
  3 endoplasms
  2 giant cockroaches
  4 goblins
  3 hobgoblins (D:1)
  2 frilled lizards
  7 kobolds
  5 rats
45 creatures vanquished.

Vanquished Creatures (collateral kills)
  An orc (D:3)
  A rat (D:3)
2 creatures vanquished.

Grand Total: 47 creatures vanquished

Notes
Turn   | Place    | Note
-------+----------+-------------------------------------------
     0 | D:1      | IdlyInterested the Demonspawn Gladiator began the quest for
                  | the Orb.
     0 | D:1      | Reached XP level 1. HP: 16/16 MP: 1/1
   160 | D:1      | Reached skill level 3 in Long Blades
   160 | D:1      | Reached skill level 1 in Armour
   160 | D:1      | Gained mutation: You are partially covered in icy blue
                  | scales. (AC +2) [demonic ancestry]
   160 | D:1      | Reached XP level 2. HP: 17/22 MP: 2/2
   211 | D:1      | Found a faded altar of an unknown god.
   361 | D:1      | Reached skill level 1 in Stealth
   573 | D:1      | Gained mutation: A weak demonic guardian rushes to your
                  | aid. [demonic ancestry]
   573 | D:1      | Reached XP level 3. HP: 26/27 MP: 3/3
  1075 | D:2      | Found Xeutzal's Distillery.
  1256 | D:2      | Found Qicruf's Antique Armour Shoppe.
  1356 | D:2      | Found Xeninyho's Distillery.
  1632 | D:2      | Found Fosihuz's Magic Scroll Shop.
  1645 | D:2      | Found Hixkak's Magic Scroll Shop.
  1799 | D:3      | Reached XP level 4. HP: 31/33 MP: 4/4
  1993 | D:3      | Slain by an orc wizard

Illustrated notes

Levels and vault maps discovered:
D:1:      saegor_arrival_simple_a, layout_loops_corners,
          hellmonk_ecumenical_altar_prayer_group, serial_bayou_ford_a,
          minmay_pentomino_u4
D:2:      layout_basic, serial_shops, shop_fountains, shop,
          nicolae_shop_behind_doors, nicolae_shop_competitors_out_of_business,
          nicolae_shop_behind_doors
D:3:      layout_basic, minmay_misc_feat_tower

Skill      XL: |  1  2  3  4 |
---------------+-------------+-----
Long Blades    | 3 |  3.8
Armour         | 1 |  1.0
Stealth        | 1 2 |  2.0
Throwing       | 2 |  2.0
Fighting       | |  2.0
Dodging        | |  2.6

Action                     |  1- 3 |  4- 6 || total
---------------------------+-------+-------++-------
  Melee: Long sword        |   120 |    18 ||   138
         Punch             |     1 |     1 ||     2
         Dagger            |       |    14 ||    14
   Stab: Sleeping          |     2 |     1 ||     3
         Distracted        |     1 |       ||     1
 Armour: Leather armour    |    28 |       ||    28
         Ring mail         |    38 |    29 ||    67
  Dodge: Dodged            |    78 |    24 ||   102

Table legend: (Time is in decaauts)
 A = Elapsed time spent in this place.
 B = Non-inter-level travel time spent in this place.
 C = Inter-level travel time spent in this place.
 D = Time resting spent in this place.
 E = Time spent auto-exploring this place.
 F = Levels seen in this place.
 G = Mean time per level.
                   A        B        C        D        E       F      G
               +--------+--------+--------+--------+--------+-----+--------+
         Total |   2036 |   1694 |    342 |     19 |   1062 |   3 |  678.7 |
       Dungeon |   2036 |   1694 |    342 |     19 |   1062 |   3 |  678.7 |
               +--------+--------+--------+--------+--------+-----+--------+

Top non-repeatable levels by time:
     D:1: 1244 daAuts
     D:2: 560 daAuts
     D:3: 232 daAuts
